 Dungeon Crawl Stone Soup version 0.26-a0-639-g72c4674329 (webtiles) character file.

Game seed: 14016979317236019283

534 Flugslaktarn the Skirmisher (level 7, -8/57 HPs)
             Began as a Formicid Fighter on Sept 21, 2020.
             Splashed by a jelly's acid (10 damage)
             ... on level 6 of the Dungeon.
             The game lasted 00:01:10 (2348 turns).

Flugslaktarn the Skirmisher (Formicid Fighter)      Turns: 2348, Time: 00:01:10

Health: -8/57      AC: -7    Str: 23    XL:     7   Next: 50%
Magic:  7/7        EV:  6    Int:  7    God:
Gold:   186        SH: 10    Dex: 10    Spells: 6/6 levels left

rFire    . . .     SeeInvis +   a - +0 war axe
rCold    . . .     Faith    .   c - +0 kite shield
rNeg     . . .     Spirit   .   f - +0 chain mail
rPois    .         Reflect  .   (helmet unavailable)
rElec    .         Harm     .   j - +0 cloak
rCorr    .         Rampage  .   l - +0 pair of gloves
MR       .....                  (no boots)
Stlth    ..........             (no amulet)
HPRegen  0.19/turn              (no ring)
MPRegen  0.10/turn              (no ring)

@: corroded
A: permanent stasis, dig shafts and tunnels, four strong arms, antennae 3
a: Dig, Shaft Self


You were on level 6 of the Dungeon.
You visited 1 branch of the dungeon, and saw 6 of its levels.

You collected 186 gold pieces.

Inventory:

Hand Weapons
 a - a +0 war axe (weapon)
Armour
 b - a +0 scale mail
 c - a +0 kite shield (worn)
 f - a +0 chain mail (worn)
   (You found it on level 1 of the Dungeon)
 j - a +0 cloak (worn)
   (You found it on level 4 of the Dungeon)
 l - a +0 pair of gloves (worn)
   (You found it on level 4 of the Dungeon)
Scrolls
 h - a scroll of enchant armour
 x - a scroll of remove curse
Potions
 d - a potion of might
 e - a potion of heal wounds {unknown}
 k - a potion of flight
 q - a potion of curing


   Skills:
 * Level 5.7 Fighting
 * Level 4.6 Axes
 + Level 4.6 Armour
 + Level 5.1 Shields


You had 6 spell levels left.
You didn't know any spells.
Your spell library was empty.

Dungeon Overview and Level Annotations

Branches:
Dungeon (6/15)
 Temple: D:4-7

Altars:

Shops:
D:4 ?

Annotations:
D:4 1 runed translucent door, melvinkitnick's ghost, amateur DsWz


Innate Abilities, Weirdness & Mutations

You cannot be hasted, slowed, berserked, paralysed or teleported.
You can dig through walls and to a lower floor.
Your four strong arms can wield two-handed weapons with a shield.
You have a pair of large antennae on your head. (SInv)


Message History

You hit the jelly but do no damage. The acid corrodes you!
Your hands burn!
The jelly is moderately wounded.
The jelly hits you. The acid corrodes you!
You are splashed with acid!
* * * LOW HITPOINT WARNING * * *
The jelly hits you.
* * * LOW HITPOINT WARNING * * *
The acid corrodes you!
You are splashed with acid!
* * * LOW HITPOINT WARNING * * *
You are too injured to fight recklessly!
A jelly is nearby!
You are too injured to fight recklessly!
A jelly is nearby!
You are too injured to fight recklessly!
You slash the jelly!
Your hands burn!
* * * LOW HITPOINT WARNING * * *
The jelly is severely wounded.
The jelly hits you.
* * * LOW HITPOINT WARNING * * *
You are splashed with acid!
You die...

.### .# .... #.#
{.. #... ... .
#.. #.# .# # #...
#.##.#.#
###...###.<....#
...|.........###.
......J@........#
.........<.....#
#.......#####.##
#.#...#.# #
#...#.# #...#.#
#.. #.# ... ..#


You could see a jelly.

Vanquished Creatures
  A phantom (D:5)
  2 centaurs
  2 howler monkeys
  A hound (D:5)
  An orc priest (D:5)
  An orc wizard (D:5)
  An iguana (D:4)
  A howler monkey zombie (D:5)
  3 adders
  An ufetubus (D:5)
  2 adder skeletons
  3 leopard geckos
  8 orcs (D:5)
  A bat (D:1)
  3 giant cockroaches
  A hobgoblin (D:3)
  3 jackals (D:3)
  A quokka (D:4)
  A frilled lizard (D:2)
  3 goblins
  A rat (D:3)
41 creatures vanquished.

Notes
Turn   | Place    | Note
-------+----------+-------------------------------------------
     0 | D:1      | Flugslaktarn the Formicid Fighter began the quest for the
                  | Orb.
     0 | D:1      | Reached XP level 1. HP: 18/18 MP: 1/1
   202 | D:3      | Reached XP level 2. HP: 24/24 MP: 2/2
   287 | D:3      | Reached XP level 3. HP: 29/30 MP: 3/3
   565 | D:4      | Noticed a centaur
   573 | D:4      | Found Eppur's Magic Scroll Shoppe.
   578 | D:4      | Killed a centaur
   578 | D:4      | Reached XP level 4. HP: 6/38 MP: 4/4
   578 | D:4      | Reached XP level 5. HP: 7/43 MP: 5/5
  1302 | D:4      | Found a runed translucent door.
  1466 | D:4      | Noticed melvinkitnick's ghost (amateur DsWz)
  1514 | D:5      | Entered Level 5 of the Dungeon
  1583 | D:5      | Reached XP level 6. HP: 38/50 MP: 6/6
  1586 | D:5      | Reached skill level 5 in Fighting
  1929 | D:5      | Reached XP level 7. HP: 47/56 MP: 7/7
  2191 | D:5      | Reached skill level 5 in Shields
  2348 | D:6      | HP: 2/57 [jelly (1)]
  2348 | D:6      | Splashed by a jelly's acid

Illustrated notes

Levels and vault maps discovered:
D:1:      kennysheep_arrival_seaside, layout_basic, minmay_lizard_pond
D:2:      layout_basic
D:3:      layout_basic, tso_altar
D:4:      layout_basic, serial_shops, shop, ebering_ghost_sewer_d
D:5:      layout_basic
D:6:      cheibrodos_quashed, layout_loops_cross,
          minmay_temple_entry_mini_moons, dk_vineyard_1, lemuel_angel_altar

Skill      XL: |  1  2  3  4  5  6  7 |
---------------+----------------------+-----
Fighting       | 4 5 |  5.7
Axes           | 3 4 |  4.6
Shields        | 4 5 |  5.1
Armour         | 4 |  4.6

Action                   |  1- 3 |  4- 6 |  7- 9 || total
-------------------------+-------+-------+-------++-------
Melee: War axe           |    41 |    73 |    29 ||   143
  Use: Scroll            |       |     4 |     2 ||     6
Armor: Chain mail        |    20 |    64 |    10 ||    94
Dodge: Dodged            |    12 |    34 |     7 ||    53
Block: Kite shield       |    32 |    65 |    15 ||   112

Table legend: (Time is in decaauts)
 A = Elapsed time spent in this place.
 B = Non-inter-level travel time spent in this place.
 C = Inter-level travel time spent in this place.
 D = Time resting spent in this place.
 E = Time spent auto-exploring this place.
 F = Levels seen in this place.
 G = Mean time per level.
                   A        B        C        D        E       F      G
               +--------+--------+--------+--------+--------+-----+--------+
         Total |   2400 |   2215 |    185 |    281 |   1570 |   6 |  400.0 |
       Dungeon |   2400 |   2215 |    185 |    281 |   1570 |   6 |  400.0 |
               +--------+--------+--------+--------+--------+-----+--------+

Top non-repeatable levels by time:
     D:4: 978 daAuts
     D:5: 851 daAuts
     D:3: 361 daAuts
     D:2: 125 daAuts
     D:1: 75 daAuts
     D:6: 8 daAuts
